 Dungeon Crawl Stone Soup version 0.30-a0-365-ge7f957f1db (webtiles) character file.

Game seed: 18103867150873141292

2661 mcwallace the Ruffian (level 9, -5/85 HPs)
             Began as a Troll Transmuter on Nov 17, 2022.
             Was a Follower of Cheibriados.
             Asphyxiated
             ... on level 8 of the Dungeon.
             The game lasted 00:13:47 (6291 turns).

mcwallace the Ruffian (Troll Transmuter)            Turns: 6291, Time: 00:13:48

Health: -5/85      AC:  7    Str: 26    XL:     9   Next: 36%
Magic:  0/13       EV:  8    Int: 17    God:    Cheibriados [*.....]
Gold:   550        SH:  0    Dex: 12    Spells: 11/14 levels left

rFire   . . .      SeeInvis .      - Unarmed
rCold   . . .      Faith    .    (no shield)
rNeg    . . .      Spirit   +    g - +0 troll leather armour
rPois   .          Reflect  .    (helmet currently unavailable)
rElec   .          Harm     .    j - +0 cloak
rCorr   .          Rampage  .    (gloves unavailable)
Will    .....                    (boots unavailable)
Stlth   +.........               F - amulet of guardian spirit
HPRegen 1.94/turn                i - +4 ring of slaying
MPRegen 0.13/turn                B - +6 ring of intelligence

@: lethally poisoned (-5 -> -6), appendages, wereblooded, grasped by roots,
constricted, very slow
A: horns 2, talons 2, large, unfitting armour, claws 3, regeneration 1, shaggy
fur 1, tough skin 1
a: End Transformation, Renounce Religion, Bend Time


You were on level 8 of the Dungeon.
You worshipped Cheibriados.
Cheibriados was aware of your devotion.
You had temporarily grown beastly horns and talons.
You visited 2 branches of the dungeon, and saw 9 of its levels.
You also visited: Ossuary.

You collected 765 gold pieces.
You spent 215 gold pieces at shops.


Innate Abilities, Weirdness & Mutations

You have temporarily grown beastly horns and talons.
You are too large for most types of armour.
You have claws for hands.
Your natural rate of healing is unusually fast.
You are covered in fur. (AC +1)
You have tough skin. (AC +1)


   Skills:
 + Level 4.3 Fighting
 + Level 4.0 Armour
 + Level 4.7 Dodging
 + Level 6.0 Unarmed Combat
 + Level 3.4 Spellcasting
 + Level 4.1 Transmutations


You had 11 spell levels left.
You knew the following spells:

 Your Spells              Type           Power      Damage    Failure   Level
a - Beastly Appendage     Tmut           34%        N/A       3%          1
b - Wereblood             Tmut           17%        N/A       4%          2

Your spell library contained the following spells:

 Spells                   Type           Power      Damage    Failure   Level
 Passwall                 Tmut/Erth      8%         N/A       12%         2
 Spider Form              Tmut/Pois      10%        N/A       24%         3
 Ensorcelled Hibernation  Hex/Ice        4%         N/A       28%         2
 Kindle Blastsparks       Fire/Tloc/Air  4%         2d10      50%         3
 Swiftness                Air            2%         N/A       50%         3
 Ice Form                 Ice/Tmut       10%        N/A       61%         4
 Fulminant Prism          Conj/Hex       1%         3d5       88%         4
 Iskenderun's Mystic Bla  Conj/Tloc      2%         2d3       88%         4
 Lee's Rapid Deconstruct  Erth           1%         3d4*      99%         5

Inventory:

Hand Weapons
 A - the +4 dagger of Seihicam {holy, rF+ Will+ Dex+4, short}
   (You found it on level 4 of the Dungeon)

   It has been blessed by the Shining One to cause great damage to the undead
   and demons.
   Dex:       It affects your dexterity (+4).
   rF:        It protects you from fire.
   Will:      It increases your willpower.
Missiles
 l - 39 stones {throwing}
 o - 7 javelins {throwing}
 v - 15 poisoned darts {throwing}
 x - 11 boomerangs {throwing}
Armour
 a - a +0 robe
 e - a +0 robe
   (You found it on level 1 of the Dungeon)
 g - a +0 troll leather armour (worn)
   (You found it on level 1 of the Dungeon)
 j - a +0 cloak (worn)
   (You found it on level 6 of the Dungeon)
 q - a +0 robe
   (You took it off Jessica on level 2 of the Dungeon)
 s - a +0 robe
   (You found it on level 3 of the Dungeon)
 D - a +0 robe
   (You took it off an orc wizard on level 4 of the Dungeon)
 E - a +0 robe
   (You took it off an orc wizard on level 4 of the Dungeon)
 G - a +0 robe
   (You found it on level 4 of the Dungeon)
 H - a +0 troll leather armour
   (You found it on level 7 of the Dungeon)
 Q - a +0 robe
   (You took it off Dowan on level 6 of the Dungeon)
 R - a +0 robe
   (You took it off an orc wizard on level 6 of the Dungeon)
 S - a +0 robe
   (You took it off an orc wizard on level 6 of the Dungeon)
 V - a +0 robe
   (You found it on level 7 of the Dungeon)
 W - a +0 robe
   (You found it on level 7 of the Dungeon)
 Y - a +0 robe
   (You took it off a wight on level 8 of the Dungeon)
 Z - a +0 robe
   (You took it off a wight on level 8 of the Dungeon)
Jewellery
 i - a +4 ring of slaying (left claw)
   (You found it on level 2 of the Dungeon)
 B - a +6 ring of intelligence (right claw)
   (You found it on level 4 of the Dungeon)
 C - a ring of protection from fire
   (You took it off an orc on level 4 of the Dungeon)
 F - an amulet of guardian spirit (around neck)
   (You bought it in a shop on level 4 of the Dungeon)
 P - a ring of fire
   (You found it on level 5 of the Dungeon)
 T - a +6 ring of intelligence
   (You found it on level 7 of the Dungeon)
Wands
 U - a wand of polymorph (10)
   (You found it on level 7 of the Dungeon)
Scrolls
 c - a scroll of butterflies
 f - 5 scrolls of teleportation {@r4}
 k - 2 scrolls of fear
 n - 3 scrolls of blinking {!r}
 p - 2 scrolls of brand weapon {unknown}
 r - 2 scrolls of noise {unknown}
 u - a scroll of immolation {unknown}
 w - 3 scrolls of enchant armour
 y - 4 scrolls of torment {!r}
 z - a scroll of vulnerability {unknown}
 O - a scroll of poison {unknown}
 X - a scroll of amnesia {unknown}
Potions
 b - 3 potions of lignification {!q}
 d - 4 potions of degeneration {unknown}
 h - 7 potions of curing {@q1}
 m - 3 potions of resistance {unknown}
 t - a potion of invisibility {unknown}
 I - a potion of magic {unknown}
 J - a potion of haste {unknown}
 K - 4 potions of attraction {unknown}
 L - 2 potions of flight {unknown}
 M - 2 potions of might {unknown}
 N - a potion of mutation {unknown}

Dungeon Overview and Level Annotations

Branches:
Dungeon (8/15) Zot: 40323  Temple (1/1) D:6 Zot: 8424 Ossuary (visited)
   Lair: D:8-11

Altars:
Cheibriados
Dithmenos
Elyvilon
Fedhas
Gozag
Hepliaklqana
Kikubaaqudgha
Makhleb
Nemelex Xobeh
Okawaru
Qazlal
Ru
Sif Muna
Trog
Uskayaw
Vehumet
Wu Jian
Xom
Yredelemnul
Zin
The Shining One

Shops:
D:3 :   D:4 !*[   D:5 :

Annotations:
D:8 Amaemon

.......................#
........##........... .
#.............. .. .#
####........... . ....
#.....#..... ..
.#..####.......###. ...
................. ....
#.###..#.####..##
.....#.####.#@# #(..
#.....$.###46.### ...
................# ..
.............##.....
............## ###..
............# .
........#...#
.......?#)..#
........#...#


You could see Amaemon and an orange demon (curare).


Message History

You add the spells Kindle Blastsparks, Fulminant Prism, Iskenderun's Mystic Blast and Lee's Rapid Deconstruction to your library.
Found a stone staircase leading down and a stone staircase leading up.
You now have 550 gold pieces (gained 7).
h - 9 potions of curing {@q1} (gained 1)
You pick up a book of Burglary and begin reading...
You add the spells Passwall, Ensorcelled Hibernation and Swiftness to your library.
An orange demon comes into view.
The orange demon screeches!
You hear a shout!
Amaemon the Diabolical Poisoner comes into view.
He is wielding a -1 demon whip of venom and carrying a wand of roots (14).
Amaemon casts a spell at the orange demon.
The orange demon seems to grow toxic.
The orange demon no longer looks unusually toxic.
Casting: Wereblood (safe; 4% risk of failure)
Confirm with . or Enter, or press ? or * to list all spells.
Your blood is infused with primal strength. 😎 MP[-2]
You lost 2 mp, and now have 11/13 mp.
Casting: Wereblood (safe; 4% risk of failure)
Confirm with . or Enter, or press ? or * to list all spells.
You grow a pair of large bovine horns.
Your feet morph into talons.
The orange demon stings you but does no damage. 😎 MP[-1]
You lost 1 mp, and now have 10/13 mp.
Amaemon hits you with a -1 demon whip of venom!
Amaemon claws you! Amaemon tail-slaps you.
The orange demon closely misses you. 😮 HP[-23] MP[-1]
You take 23 damage, and now have 62/85 hp.
MASSIVE DAMAGE!! (PAUSE)
You lost 1 mp, and now have 9/13 mp.
You barely miss Amaemon.
Amaemon hits you with a -1 demon whip of venom!
You are poisoned.
Amaemon closely misses you. Amaemon tail-slaps you.
The orange demon stings you but does no damage. 😮 HP[-8] MP[-1]
You take 8 damage, and now have 54/85 hp.
You lost 1 mp, and now have 8/13 mp.
You claw Amaemon! Your kick misses Amaemon.
You feel sick. The orange demon stings you from afar!
Amaemon hits you with a -1 demon whip of venom!
* * * LOW HITPOINT WARNING * * *
You are more poisoned.
Amaemon claws you.
* * * LOW HITPOINT WARNING * * *
Amaemon barely misses you. 😨 HP[-18] MP[-2]
You take 18 damage, and now have 36/85 hp.
MASSIVE DAMAGE!! (PAUSE)
You lost 2 mp, and now have 6/13 mp.
You claw Amaemon! Your claw misses Amaemon.
You feel very sick.
The orange demon stings you but does no damage.
Amaemon barely misses you. Amaemon claws you but does no damage.
Amaemon tail-slaps you but does no damage. 😨 HP[-2]
You take 2 damage, and now have 34/85 hp.
You claw Amaemon! x2; Your headbutt misses Amaemon.
You feel very sick.
Amaemon zaps a wand.
The roots erupt in riotous growth!
The grasping roots grab you!
Amaemon is unaffected.
The grasping roots constrict you.
* * * LOW HITPOINT WARNING * * *
The orange demon stings you from afar!
* * * LOW HITPOINT WARNING * * *
😱 HP[-14] MP[-2]
You take 14 damage, and now have 20/85 hp.
You lost 2 mp, and now have 4/13 mp.
You claw Amaemon!
You feel sick.
Amaemon gestures at the orange demon while chanting.
The orange demon seems to grow toxic.
The grasping roots constrict you!
* * * LOW HITPOINT WARNING * * *
The orange demon stings you but does no damage. 😱 HP[-6] MP[-1]
You take 6 damage, and now have 14/85 hp.
You lost 1 mp, and now have 3/13 mp.
You feel better. Amaemon hits you but does no damage. Amaemon claws you.
* * * LOW HITPOINT WARNING * * *
Amaemon tail-slaps you.
* * * LOW HITPOINT WARNING * * *
You are poisoned.
Amaemon poisons you! The grasping roots constrict you!
* * * LOW HITPOINT WARNING * * *
The orange demon stings you but does no damage. 😱 HP[-5] MP[-2]
You take 5 damage, and now have 9/85 hp.
You lost 2 mp, and now have 1/13 mp.
You feel better.
Amaemon says, "Need some antivenom?
Don't worry, you can trust me."
Amaemon hits you with a -1 demon whip of venom.
* * * LOW HITPOINT WARNING * * *
Amaemon completely misses you. Amaemon tail-slaps you.
* * * LOW HITPOINT WARNING * * *
The grasping roots constrict you!
* * * LOW HITPOINT WARNING * * *
The orange demon stings you from afar.
* * * LOW HITPOINT WARNING * * *
You are lethally poisoned!
You have difficulty breathing.
You die...

Skill      XL: |  1  2  3  4  5  6  7  8  9 |
---------------+----------------------------+-----
Fighting       | 1 2 3 4 |  4.3
Dodging        | 2 3 4 |  4.7
Transmutations | 2 3 4 |  4.1
Armour         | 1 2 3 4 |  4.0
Spellcasting   | 2 3 |  3.4
Unarmed Combat | 4 5 6 |  6.0

Action                   |  1- 3 |  4- 6 |  7- 9 || total
-------------------------+-------+-------+-------++-------
Melee: Unarmed           |    86 |    94 |   232 ||   412
       Punch             |     1 |     3 |     5 ||     9
       Kick              |       |       |     9 ||     9
       Headbutt          |       |       |     2 ||     2
 Cast: Wereblood         |       |     3 |    10 ||    13
       Beastly Appendage |       |       |     6 ||     6
  Use: Scroll            |       |     1 |     7 ||     8
       Potion            |       |       |     4 ||     4
 Stab: Sleeping          |     1 |       |       ||     1
Armor: Robe              |    21 |       |       ||    21
       Troll leather arm |    24 |    31 |    79 ||   134
Dodge: Dodged            |    34 |    47 |   104 ||   185

Levels and vault maps discovered:
D:1:      amcnicky_arrival_gap_in_the_tavern_cellar, layout_basic,
          dreamdust_ecumenical_altar_hidden_monk_grotto,
          hangedman_decor_peaks_small
D:2:      layout_rooms, uniq_jessica
D:3:      cheibrodos_thug_alley, layout_loops_cross, serial_shops, shop,
          corexii_item_surrounded_by_moat
D:4:      cheibrodos_greedy_goblins, layout_loops_cross, serial_shops,
          kennysheep_mini_moat, nicolae_shop_competitors_out_of_business,
          nicolae_shop_hallway_stairs, hangedman_abyss_or_decor_passed,
          st_stairs_14
D:5:      layout_basic, serial_shops, nicolae_take_the_stairs, enter_ossuary_4,
          kennysheep_small_spiral, nrook_loot_triangle, grunt_decor_arrowhead,
          minmay_misc_feat_roman, chequers_serial_rivers_micro_e,
          minmay_misc_feat_secret_circle
D:6:      layout_gridville, minmay_temple_entry_butterflies, uniq_duvessa
D:7:      layout_rooms
D:8:      minmay_gate_of_8, layout_rooms, serial_shops,
          nicolae_shop_hallway_plus, uniq_amaemon
Temple:   mainiacjoe_temple_trianglar_array

Notes
Turn   | Place    | Note
-------+----------+-------------------------------------------
     0 | D:1      | mcwallace the Troll Transmuter began the quest for the Orb.
     0 | D:1      | Reached XP level 1. HP: 18/18 MP: 1/1
     0 | D:1      | magus.rc [v1.9.6]
   155 | D:1      | Found a faded altar of an unknown god.
   361 | D:1      | Reached skill level 1 in Fighting
   363 | D:1      | Reached XP level 2. HP: 27/27 MP: 3/3
  1183 | D:2      | Noticed Jessica
  1188 | D:2      | Killed Jessica
  1189 | D:2      | Reached skill level 2 in Dodging
  1189 | D:2      | Reached XP level 3. HP: 33/33 MP: 4/4
  1378 | D:2      | Learned a level 2 spell: Wereblood
  1416 | D:3      | Found Sokim's Book Shoppe.
  1510 | D:3      | Reached XP level 4. HP: 41/41 MP: 5/5
  1697 | D:3      | Noticed a kobold brigand
  1699 | D:3      | Noticed a kobold brigand
  1953 | D:3      | Reached skill level 2 in Transmutations
  2095 | D:3      | Killed a kobold brigand
  2096 | D:3      | Reached skill level 2 in Fighting
  2096 | D:3      | Reached skill level 1 in Armour
  2096 | D:3      | Reached XP level 5. HP: 34/49 MP: 6/6
  2181 | D:3      | Reached XP level 6. HP: 42/57 MP: 7/7
  2238 | D:4      | Reached skill level 2 in Spellcasting
  2271 | D:4      | Identified the +4 dagger of Seihicam {holy, rF+ Will+
                  | Dex+4}
  2425 | D:4      | Reached skill level 4 in Unarmed Combat
  2505 | D:4      | Reached skill level 2 in Armour
  2505 | D:4      | Reached XP level 7. HP: 54/66 MP: 6/9
  2509 | D:4      | Reached skill level 3 in Dodging
  2509 | D:4      | Found Xeinyig's Armour Emporium.
  2659 | D:4      | Found Tiolej's Assorted Antiques.
  2663 | D:4      | Bought a dented jade amulet for 135 gold pieces
  2874 | D:4      | Found Cuimog's Distillery.
  2877 | D:4      | Bought a potion of heal wounds for 50 gold pieces
  2877 | D:4      | Bought a potion of curing for 30 gold pieces
  3004 | D:4      | Reached skill level 3 in Transmutations
  3037 | D:5      | Entered Level 5 of the Dungeon
  3037 | D:5      | Found Axoshruu's Book Emporium.
  3089 | D:5      | Reached skill level 3 in Fighting
  3097 | D:5      | Found a sand-covered staircase.
  3109 | Ossuary  | Entered an ossuary
  3153 | Ossuary  | HP: 15/67 [mummy (9)]
  3267 | Ossuary  | Reached XP level 8. HP: 75/75 MP: 7/10
  4602 | D:6      | Reached skill level 5 in Unarmed Combat
  4642 | D:6      | Reached skill level 3 in Armour
  4671 | D:6      | Found a staircase to the Ecumenical Temple.
  4680 | Temple   | Entered the Ecumenical Temple
  5024 | Temple   | Became a worshipper of Cheibriados the Contemplative
  5129 | D:6      | Noticed Duvessa
  5129 | D:6      | Noticed Dowan
  5144 | D:6      | Killed Duvessa
  5148 | D:6      | Killed Dowan
  5224 | D:6      | Reached skill level 4 in Dodging
  5283 | D:6      | Reached skill level 3 in Spellcasting
  5893 | D:7      | Reached XP level 9. HP: 80/84 MP: 8/12
  5938 | D:7      | Reached skill level 4 in Fighting
  5971 | D:7      | Noticed a troll
  5979 | D:7      | HP: 18/84 [troll (9)]
  5987 | D:7      | Killed a troll
  5988 | D:7      | Reached skill level 4 in Transmutations
  6150 | D:8      | Reached * piety under Cheibriados
  6165 | D:8      | Reached skill level 4 in Armour
  6172 | D:8      | Reached skill level 6 in Unarmed Combat
  6245 | D:8      | You pick up a book of Blasting and begin reading...
  6245 | D:8      | You add the spells Kindle Blastsparks, Fulminant Prism,
                  | Iskenderun's Mystic Blast and Lee's Rapid Deconstruction to
                  | your library.
  6268 | D:8      | You pick up a book of Burglary and begin reading...
  6268 | D:8      | You add the spells Passwall, Ensorcelled Hibernation and
                  | Swiftness to your library.
  6272 | D:8      | Noticed an orange demon
  6272 | D:8      | Noticed Amaemon
  6288 | D:8      | HP: 20/85 [orange demon[Amaemon] (8)]
  6290 | D:8      | HP: 9/85 [constriction (7)]
  6291 | D:8      | HP: 3/85 [constriction (8)]
  6291 | D:8      | HP: 1/85 [orange demon[Amaemon] (2)]
  6291 | D:8      | Asphyxiated

Vanquished Creatures
  A troll (D:7)
  Duvessa (D:6)
  2 water moccasins
  2 sky beasts (D:7)
  2 black bears
  An ogre (D:4)
  A centaur (D:7)
  2 kobold brigands (D:3)
  2 bullfrogs (D:6)
  3 scorpions
  4 wights (D:8)
  Dowan (D:6)
  A howler monkey (D:4)
  5 jellies
  2 orc priests
  2 hounds
  Jessica (D:2)
  5 iguanas
  6 orc wizards
  8 mummies (Ossuary)
  4 gnolls (D:3)
  2 adders
  A white imp (D:6)
  An ufetubus (D:5)
  2 dart slugs (D:3)
  21 orcs
  6 ball pythons
  5 endoplasms
  5 giant cockroaches
  A gnoll zombie (Ossuary)
  5 goblins
  15 hobgoblins
  3 jackals (D:4)
  A quokka (D:1)
  4 bats
  3 frilled lizards
  A goblin zombie (D:5)
  3 hobgoblin zombies (Ossuary)
  14 kobolds
  3 kobold zombies (Ossuary)
  An orc zombie (Ossuary)
  A quokka zombie (D:5)
  4 rats
158 creatures vanquished.

Table legend:
 A = Non-vault XP
 B = Vault XP
 C = Vault XP percentage of total XP
 D = Non-vault monster count
 E = Vault monster count
 F = Vault count percentage of total count
                 A         B        C        D         E       F
            +---------+---------+-------+---------+---------+-------
      Total |    3111 |     691 |  18.2 |     115 |      43 |  27.2
            +---------+---------+-------+---------+---------+-------
        D:1 |      22 |       0 |   0.0 |      14 |       0 |   0.0
        D:2 |      23 |      37 |  61.7 |      15 |       1 |   6.2
        D:3 |      92 |     212 |  69.7 |      17 |      11 |  39.3
        D:4 |     694 |      62 |   8.2 |      28 |      11 |  28.2
        D:5 |     232 |       2 |   0.9 |       9 |       2 |  18.2
        D:6 |     716 |     222 |  23.7 |      15 |       2 |  11.8
        D:7 |     963 |       0 |   0.0 |       8 |       0 |   0.0
        D:8 |     369 |       0 |   0.0 |       9 |       0 |   0.0
    Ossuary |       0 |     156 | 100.0 |       0 |      16 | 100.0
            +---------+---------+-------+---------+---------+-------

Illustrated notes

Table legend:
 A = Kills in this place as a percentage of kills in entire the game.
 B = Kills by you in this place as a percentage of kills by you in the entire game.
 C = Kills by friends in this place as a percentage of kills by friends in the entire game.
 D = Other kills in this place as a percentage of other kills in the entire game.
 E = Experience gained in this place as a percentage of experience gained in the entire game.
 F = Experience gained in this place divided by the number of levels of this place that you have seen.
                   A       B       C       D       E      F
               +-------+-------+-------+-------+-------+----------------------
         Total | 100.0 | 100.0 |   N/A |   N/A | 100.0 | 380.2
       Dungeon |  89.9 |  89.9 |   N/A |   N/A |  95.9 | 455.8
       Ossuary |  10.1 |  10.1 |   N/A |   N/A |   4.1 | 156.0
               +-------+-------+-------+-------+-------+----------------------

Table legend: (Time is in decaauts)
 A = Elapsed time spent in this place.
 B = Non-inter-level travel time spent in this place.
 C = Inter-level travel time spent in this place.
 D = Time resting spent in this place.
 E = Time spent auto-exploring this place.
 F = Levels seen in this place.
 G = Mean time per level.
                   A        B        C        D        E       F      G
               +--------+--------+--------+--------+--------+-----+--------+
         Total |   6545 |   6135 |    410 |    170 |   4923 |  10 |  654.5 |
       Dungeon |   5836 |   5516 |    320 |    100 |   4475 |   8 |  729.5 |
        Temple |    404 |    315 |     89 |      0 |    312 |   1 |  404.0 |
       Ossuary |    304 |    304 |      0 |     70 |    136 |   1 |  304.0 |
               +--------+--------+--------+--------+--------+-----+--------+

Top non-repeatable levels by time:
     D:6: 1019 daAuts
     D:1: 978 daAuts
     D:5: 910 daAuts
     D:4: 831 daAuts
     D:3: 828 daAuts
     D:7: 697 daAuts
  Temple: 404 daAuts
     D:2: 396 daAuts
 Ossuary: 304 daAuts
     D:8: 176 daAuts
